3AAA
SANTA BARBARA GOLDEN CRANES @ PORT ROYAL DISASTER
09/02/2024
 
TOP OF THE 1ST
Santa Barbara Golden Cranes batting - Pitching for Port Royal Disaster : RHP Dennis Brown
Pitching: RHP Dennis Brown
Batting: RHB Salvador Noriega 0-0: Ball
1-0: Called Strike
1-1: SINGLE (Groundball, 6)
Batting: RHB Kyle Dempsey 0-0: Called Strike
Throwing error on steal attempt, E2
Salvador Noriega to third
0-1: Ball
1-1: Ball
2-1: Foul Ball, location: 2F
2-2: Ball
3-2: Foul Ball, location: 2F
3-2: Foul Ball, location: 2F
3-2: Base on Balls
Batting: RHB Gilbert Graham 0-0: Called Strike
0-1: Ball
1-1: Fly out, F9 (Flyball, 89S)
Runner from 3rd tags up, OUT at HOME
Kyle Dempsey to second
Batting: LHB Takahiro Harada 0-0: SINGLE (Groundball, 34D)
Kyle Dempsey to third
Runner from 3rd tries for Home, SAFE, no throw or cutoff
Batting: RHB Xavier Hernández 0-0: Ball
1-0: Called Strike
1-1: Ball
2-1: Foul Ball, location: 2F
2-2: Strikes out looking
Top of the 1st over - 1 run(s), 2 hit(s), 1 error(s), 1 left on base; Santa Barbara 1 - Port Royal 0
BOTTOM OF THE 1ST
Port Royal Disaster batting - Pitching for Santa Barbara Golden Cranes : LHP Shunen Takahashi
Pitching: LHP Shunen Takahashi
Batting: RHB Manuel Becerra 0-0: Ground out 5-3 (Groundball, 6S)
Batting: RHB Sergio Martínez 0-0: Ground out 4-3 (Groundball, 4M)
Batting: RHB Juan Ávila 0-0: Foul Ball, location: 2F
0-1: Ball
1-1: Ball
2-1: Reached on Error, E9 (Flyball, 9S)
Batting: RHB David Verhoeve 0-0: Ball
1-0: Ball
2-0: Ball
3-0: Called Strike
3-1: Called Strike
3-2: Fly out, F8 (Flyball, 78D)
Bottom of the 1st over - 0 run(s), 0 hit(s), 1 error(s), 1 left on base; Santa Barbara 1 - Port Royal 0
TOP OF THE 2ND
Santa Barbara Golden Cranes batting - Pitching for Port Royal Disaster : RHP Dennis Brown
Batting: SHB Shojiro Kimura 0-0: Ball
1-0: Foul Ball, location: 2F
1-1: Ball
2-1: Foul Ball, location: 2F
2-2: Foul Ball, location: 2F
2-2: Ball
3-2: Strikes out swinging
Batting: RHB Ted Young 0-0: Ball
1-0: Called Strike
1-1: Fly out, F3 (Popup, 3SF)
Batting: RHB Rob Thomason 0-0: Ball
1-0: Fly out, F8 (Flyball, 8LM)
Top of the 2nd over - 0 run(s), 0 hit(s), 0 error(s), 0 left on base; Santa Barbara 1 - Port Royal 0
BOTTOM OF THE 2ND
Port Royal Disaster batting - Pitching for Santa Barbara Golden Cranes : LHP Shunen Takahashi
Batting: RHB José Carlos Pérez 0-0: Swinging Strike
0-1: Swinging Strike
0-2: Fly out, F4 (Popup, 8RS)
Batting: RHB David Gómez 0-0: Called Strike
0-1: Foul Ball, location: 2F
0-2: Ball
1-2: Ball
2-2: Strikes out swinging
Batting: RHB Ronnie Cleveland 0-0: Foul Ball, location: 2F
0-1: Ground out 6-3 (Groundball, 6M)
Bottom of the 2nd over - 0 run(s), 0 hit(s), 0 error(s), 0 left on base; Santa Barbara 1 - Port Royal 0
TOP OF THE 3RD
Santa Barbara Golden Cranes batting - Pitching for Port Royal Disaster : RHP Dennis Brown
Batting: LHB Manny Rosário 0-0: Ground out 4-3 (Groundball, 4)
Batting: RHB Salvador Noriega 0-0: Ball
1-0: Fly out, F5 (Popup, 5F)
Batting: RHB Kyle Dempsey 0-0: Ball
1-0: Ball
2-0: Foul Ball, location: 2F
2-1: SINGLE (Line Drive, 56D)
Batting: RHB Gilbert Graham 0-0: Ball
1-0: Ground out 6-3 (Groundball, 6)
Top of the 3rd over - 0 run(s), 1 hit(s), 0 error(s), 1 left on base; Santa Barbara 1 - Port Royal 0
BOTTOM OF THE 3RD
Port Royal Disaster batting - Pitching for Santa Barbara Golden Cranes : LHP Shunen Takahashi
Batting: RHB David McJannett 0-0: Ball
1-0: Ball
2-0: Ball
3-0: Called Strike
3-1: Called Strike
3-2: Foul Ball, location: 2F
3-2: Fly out, F8 (Flyball, 8LS)
Batting: LHB Jason Potter 0-0: Ground out 6-3 (Groundball, 6)
Batting: RHB Manuel Becerra 0-0: Swinging Strike
0-1: SINGLE (Line Drive, 9LS)
Batting: RHB Sergio Martínez 0-0: Foul Ball, location: 2F
0-1: Ball
1-1: Swinging Strike
1-2: Fielders Choice at 2nd, 6-4 (Groundball, 6)
Bottom of the 3rd over - 0 run(s), 1 hit(s), 0 error(s), 0 left on base; Santa Barbara 1 - Port Royal 0
TOP OF THE 4TH
Santa Barbara Golden Cranes batting - Pitching for Port Royal Disaster : RHP Dennis Brown
Batting: LHB Takahiro Harada 0-0: Swinging Strike
0-1: Foul Ball, location: 2F
0-2: Strikes out looking
Batting: RHB Xavier Hernández 0-0: Ground out 5-3 (Groundball, 5)
Batting: SHB Shojiro Kimura 0-0: Ball
1-0: Foul Ball, location: 2F
1-1: Ball
2-1: Foul Ball, location: 2F
2-2: Fly out, F4 (Line Drive, 4)
Top of the 4th over - 0 run(s), 0 hit(s), 0 error(s), 0 left on base; Santa Barbara 1 - Port Royal 0
BOTTOM OF THE 4TH
Port Royal Disaster batting - Pitching for Santa Barbara Golden Cranes : LHP Shunen Takahashi
Batting: RHB Juan Ávila 0-0: Foul Ball, location: 2F
0-1: Ball
1-1: Foul Ball, location: 2F
1-2: DOUBLE (Line Drive, 7LD) - OUT at third base trying to stretch hit.
Batting: RHB David Verhoeve 0-0: Swinging Strike
0-1: Ball
1-1: Foul Ball, location: 2F
1-2: Strikes out looking
Batting: RHB José Carlos Pérez 0-0: Called Strike
0-1: Fly out, F8 (Flyball, 8LM)
Bottom of the 4th over - 0 run(s), 1 hit(s), 0 error(s), 0 left on base; Santa Barbara 1 - Port Royal 0
TOP OF THE 5TH
Santa Barbara Golden Cranes batting - Pitching for Port Royal Disaster : RHP Dennis Brown
Batting: RHB Ted Young 0-0: Called Strike
0-1: Ground out 6-3 (Groundball, 6)
Batting: RHB Rob Thomason 0-0: Ball
1-0: Swinging Strike
1-1: Called Strike
1-2: Strikes out swinging
Batting: LHB Manny Rosário 0-0: Ball
1-0: Called Strike
1-1: Swinging Strike
1-2: Ball
2-2: Fly out, F7 (Flyball, 78S)
Top of the 5th over - 0 run(s), 0 hit(s), 0 error(s), 0 left on base; Santa Barbara 1 - Port Royal 0
BOTTOM OF THE 5TH
Port Royal Disaster batting - Pitching for Santa Barbara Golden Cranes : LHP Shunen Takahashi
Batting: RHB David Gómez 0-0: Ball
1-0: Ball
2-0: Ball
3-0: Base on Balls
Batting: RHB Ronnie Cleveland 0-0: Sac Bunt - play at second, runner OUT! 1-6
Batting: RHB David McJannett 0-0: Ball
1-0: Fly out, F7 (Flyball, 7M)
Batting: LHB Jason Potter 0-0: SINGLE (Groundball, 34S)
Ronnie Cleveland to second
Runner from 2nd tries for 3rd, SAFE, no throw or cutoff
Batting: RHB Manuel Becerra 0-0: Foul Ball, location: 2F
0-1: Hit by Pitch
Jason Potter to second
Batting: RHB Sergio Martínez 0-0: Foul Ball, location: 2F
0-1: Ball
1-1: Foul Ball, location: 2F
1-2: Ground out 6-3 (Groundball, 6)
Bottom of the 5th over - 0 run(s), 1 hit(s), 0 error(s), 3 left on base; Santa Barbara 1 - Port Royal 0
TOP OF THE 6TH
Santa Barbara Golden Cranes batting - Pitching for Port Royal Disaster : RHP Dennis Brown
Batting: RHB Salvador Noriega 0-0: Fly out, F4 (Popup, 34)
Batting: RHB Kyle Dempsey 0-0: Called Strike
0-1: Foul Ball, location: 2F
0-2: Ball
1-2: Ball
2-2: Ball
3-2: Base on Balls
Batting: RHB Gilbert Graham 0-0: Ball
1-0: Fly out, F5 (Line Drive, 5)
Batting: LHB Takahiro Harada 0-0: Ball
1-0: Foul Ball, location: 2F
1-1: Called Strike
1-2: Ball
2-2: Foul Ball, location: 2F
2-2: DOUBLE (Line Drive, 78XD)
Kyle Dempsey to third
Pinch Runner at 2nd Jim Unknown:
Batting: RHB Xavier Hernández 0-0: Called Strike
0-1: Ball
1-1: Foul Ball, location: 2F
1-2: Ball
2-2: Ball
3-2: Base on Balls
Batting: SHB Shojiro Kimura 0-0: Called Strike
0-1: Ground out 1-3 (Groundball, 15S)
Top of the 6th over - 0 run(s), 1 hit(s), 0 error(s), 3 left on base; Santa Barbara 1 - Port Royal 0
BOTTOM OF THE 6TH
Port Royal Disaster batting - Pitching for Santa Barbara Golden Cranes : LHP Shunen Takahashi
Now in RF: Jim Unknown
Batting: RHB Juan Ávila 0-0: Called Strike
0-1: Ball
1-1: Foul Ball, location: 2F
1-2: Ball
2-2: Ball
3-2: Foul Ball, location: 2F
3-2: SINGLE (Line Drive, 6M)
Batting: RHB David Verhoeve 0-0: Swinging Strike
0-1: Foul Ball, location: 2F
0-2: Foul Ball, location: 2F
0-2: Ball
1-2: Foul Ball, location: 2F
1-2: Strikes out swinging
Batting: RHB José Carlos Pérez 0-0: Called Strike
0-1: Ball
1-1: Ball
2-1: Foul Ball, location: 2F
2-2: Foul Ball, location: 2F
2-2: Ball
3-2: Fly out, F8 (Line Drive, 8RM)
Batting: RHB David Gómez 0-0: Ground out U3 (Groundball, 3)
Bottom of the 6th over - 0 run(s), 1 hit(s), 0 error(s), 1 left on base; Santa Barbara 1 - Port Royal 0
TOP OF THE 7TH
Santa Barbara Golden Cranes batting - Pitching for Port Royal Disaster : RHP Dennis Brown
Batting: RHB Ted Young 0-0: Ball
1-0: Swinging Strike
1-1: Ball
2-1: Ball
3-1: Called Strike
3-2: Strikes out swinging
Batting: RHB Rob Thomason 0-0: Ball
1-0: Called Strike
1-1: Ball
2-1: Foul Ball, location: 2F
2-2: Ball
3-2: SOLO HOME RUN (Line Drive, 7D), Distance : 379 ft
Batting: LHB Manny Rosário 0-0: Called Strike
0-1: Foul Ball, location: 2F
0-2: Fly out, F8 (Flyball, 8LM)
Batting: RHB Salvador Noriega 0-0: Called Strike
0-1: Foul Ball, location: 2F
0-2: Ball
1-2: Ball
2-2: Foul Ball, location: 2F
2-2: Foul Ball, location: 2F
2-2: Ground out 4-3 (Groundball, 34)
Top of the 7th over - 1 run(s), 1 hit(s), 0 error(s), 0 left on base; Santa Barbara 2 - Port Royal 0
BOTTOM OF THE 7TH
Port Royal Disaster batting - Pitching for Santa Barbara Golden Cranes : LHP Shunen Takahashi
Batting: RHB Ronnie Cleveland 0-0: Swinging Strike
0-1: Ball
1-1: Ball
2-1: Swinging Strike
2-2: Strikes out swinging
Batting: RHB David McJannett 0-0: Called Strike
0-1: Ball
1-1: Ball
2-1: Foul Ball, location: 2F
2-2: Strikes out swinging
Batting: LHB Jason Potter 0-0: Ball
1-0: Foul Ball, location: 2F
1-1: Fly out, F4 (Popup, 4M)
Bottom of the 7th over - 0 run(s), 0 hit(s), 0 error(s), 0 left on base; Santa Barbara 2 - Port Royal 0
TOP OF THE 8TH
Santa Barbara Golden Cranes batting - Pitching for Port Royal Disaster : RHP Dennis Brown
Pitching: LHP António Venegas
Batting: RHB Kyle Dempsey 0-0: Ball
1-0: Ball
2-0: Ball
3-0: Base on Balls
Batting: RHB Gilbert Graham 0-0: Swinging Strike
0-1: Foul Ball, location: 2F
0-2: Ball
1-2: Strikes out swinging
Batting: RHB Jim Unknown 0-0: Ball
1-0: Foul Ball, location: 2F
1-1: Ball
2-1: Called Strike
2-2: Foul Ball, location: 2F
2-2: Ball
3-2: Fly out, F9 (Line Drive, 89M)
Batting: RHB Xavier Hernández 0-0: Ball
1-0: Ball
2-0: Called Strike
2-1: Ball
3-1: Ground out 5-3 (Groundball, 15S)
Top of the 8th over - 0 run(s), 0 hit(s), 0 error(s), 1 left on base; Santa Barbara 2 - Port Royal 0
BOTTOM OF THE 8TH
Port Royal Disaster batting - Pitching for Santa Barbara Golden Cranes : LHP Shunen Takahashi
Pitching: RHP Marshall Edwards
Batting: RHB Manuel Becerra 0-0: Ground out 5-3 (Groundball, 56)
Batting: RHB Sergio Martínez 0-0: Swinging Strike
0-1: Ball
1-1: Reached on error, E1 (Groundball, 13S)
Pitching: RHP Henri Pollini
Batting: RHB Juan Ávila 0-0: Ball
1-0: Swinging Strike
1-1: Foul Ball, location: 2F
1-2: Fly out, F6 (Popup, 56D)
Batting: RHB David Verhoeve 0-0: Called Strike
0-1: Called Strike
0-2: Strikes out swinging
Bottom of the 8th over - 0 run(s), 0 hit(s), 1 error(s), 1 left on base; Santa Barbara 2 - Port Royal 0
TOP OF THE 9TH
Santa Barbara Golden Cranes batting - Pitching for Port Royal Disaster : LHP António Venegas
Pitching: RHP Jim Unknown
Batting: SHB Shojiro Kimura 0-0: Ball
1-0: DOUBLE (Line Drive, 89XD)
Batting: RHB Ted Young 0-0: Called Strike
0-1: Called Strike
0-2: Foul Ball, location: 2F
0-2: Ground out 6-3 (Groundball, 6)
Batting: RHB Rob Thomason 0-0: Foul Ball, location: 2F
0-1: Ball
1-1: Foul Ball, location: 2F
1-2: Ground out 5-3 (Groundball, 5)
Batting: LHB Manny Rosário 0-0: Called Strike
0-1: Ground out 4-3 (Groundball, 4)
Top of the 9th over - 0 run(s), 1 hit(s), 0 error(s), 1 left on base; Santa Barbara 2 - Port Royal 0
BOTTOM OF THE 9TH
Port Royal Disaster batting - Pitching for Santa Barbara Golden Cranes : RHP Henri Pollini
Pitching: RHP Xavier Andrade
Batting: RHB José Carlos Pérez 0-0: Called Strike
0-1: Ball
1-1: Ball
2-1: Foul Ball, location: 2F
Single, Error in OF, E8, batter to second base
Batting: RHB David Gómez 0-0: Ground out 6-3 (Groundball, 6)
Batting: RHB Ronnie Cleveland 0-0: Called Strike
0-1: Swinging Strike
0-2: Foul Ball, location: 2F
0-2: Ball
1-2: Foul Ball, location: 2F
1-2: SINGLE (Groundball, 6MD)
José Carlos Pérez to third
Runner from 3rd tries for Home, SAFE, no throw or cutoff
Pinch Hitting: LHB José Martínez 0-0: Called Strike
0-1: Called Strike
0-2: Strikes out swinging
Batting: LHB Jason Potter 0-0: Ball
Passed Ball!
Ronnie Cleveland to second
1-0: Called Strike
1-1: Foul Ball, location: 2F
1-2: Foul Ball, location: 2F
1-2: Strikes out swinging
Bottom of the 9th over - 1 run(s), 2 hit(s), 1 error(s), 1 left on base; Santa Barbara 2 - Port Royal 1
This league is powered by Out of the Park Baseball, the baseball management simulation game for PC, Mac and Linux
Monday, October 3rd, 2016 - OOTP Baseball 16.9 Build 39